 Dungeon Crawl Stone Soup version 0.30-a0-1160-g6e42c06551 (webtiles) character file.

Game seed: 8309752477683668210

270 retardedninja the Firebug (level 6, -21/44 HPs)
             Began as a Gnoll Fire Elementalist on Apr 26, 2023.
             Killed from afar by an oklob sapling (34 damage)
             ... with a splash of acid
             ... on level 4 of the Dungeon.
             The game lasted 00:07:29 (4364 turns).

retardedninja the Firebug (Gnoll Fire Elementalist) Turns: 4364, Time: 00:07:30

Health: -21/44     AC:  1    Str:  7    XL:     6   Next: 22%
Magic:  0/14       EV: 13    Int: 22    God:
Gold:   81         SH:  0    Dex: 13    Spells: 12/15 levels left

rFire   . . .        u - +4 mace (holy)
rCold   . . .        (no shield)
rNeg    . . .        a - +1 robe
rPois   .            s - +0 helmet
rElec   .            (no cloak)
rCorr   .            m - +0 pair of gloves
SInv    .            (no boots)
Will    .....        (no amulet)
Stlth   +++          e - +6 ring of intelligence
HPRegen 0.27/turn    (no ring)
MPRegen 0.14/turn

%: no passive effects
@: corroded
A: fangs 1, strong nose, distributed training
a: no special abilities


You were on level 4 of the Dungeon.
You visited 1 branch of the dungeon, and saw 4 of its levels.

You collected 81 gold pieces.

Inventory:

Hand Weapons
 u - a +4 mace of holy wrath (weapon)
Armour
 a - a +1 robe (worn)
 m - a +0 pair of gloves (worn)
 s - a +0 helmet (worn)
Jewellery
 e - a +6 ring of intelligence (left hand)
Scrolls
 d - a scroll of acquirement {unknown}
 h - a scroll of poison
 l - a scroll of magic mapping
 n - a scroll of vulnerability {unknown}
 o - 2 scrolls of torment {unknown}
 q - a scroll of brand weapon {unknown}
 r - a scroll of teleportation {unknown}
Potions
 b - a potion of magic
 i - a potion of might
 k - a potion of haste
 p - a potion of attraction
 t - a potion of degeneration


   Skills:
 + Level 2.0 Fighting
 + Level 2.0 Short Blades
 + Level 2.0 Long Blades
 + Level 2.0 Axes
 + Level 2.0 Maces & Flails
 + Level 2.0 Polearms
 + Level 2.0 Staves
 + Level 2.0 Ranged Weapons
 + Level 2.0 Throwing
 + Level 2.0 Armour
 + Level 5.0 Dodging
 + Level 4.6 Stealth
 + Level 2.0 Shields
 + Level 2.0 Unarmed Combat
 + Level 5.3 Spellcasting
 + Level 2.6 Conjurations
 + Level 1.5 Hexes
 + Level 1.5 Summonings
 + Level 1.5 Necromancy
 + Level 1.5 Translocations
 + Level 1.5 Transmutations
 + Level 5.6 Fire Magic
 + Level 1.5 Ice Magic
 + Level 1.5 Air Magic
 + Level 1.5 Earth Magic
 + Level 1.5 Poison Magic
 + Level 2.1 Invocations
 + Level 2.0 Evocations


You had 12 spell levels left.
You knew the following spells:

 Your Spells              Type           Power      Damage    Failure   Level
a - Foxfire               Conj/Fire      96%        2x1d8     1%          1
b - Scorch                Fire           60%        2d8       1%          2

Your spell library contained the following spells:

 Spells                   Type           Power      Damage    Failure   Level
 Apportation              Tloc           24%        N/A       5%          1
 Inner Flame              Hex/Fire       21%        N/A       7%          3
 Volatile Blastmotes      Fire/Tloc      42%        2d13      7%          3
 Cigotuvi's Dreadful Rot  Necr/Pois/Air  24%        N/A       8%          2
 Ignite Poison            Fire/Tmut/Pois 18%        N/A       9%          3
 Frozen Ramparts          Ice            24%        1d4       16%         3
 Flame Wave               Conj/Fire      24%        2d8       17%         4
 Cause Fear               Hex            6%         N/A       45%         4
 Ice Form                 Ice/Tmut       12%        N/A       45%         4
 Summon Ice Beast         Ice/Summ       12%        N/A       45%         4
 Freezing Cloud           Conj/Ice/Air   7%         6-21      77%         5
 Dragon Form              Tmut           6%         N/A       100%        7
 Dragon's Call            Summ           6%         N/A       100%        9


Dungeon Overview and Level Annotations

Branches:
Dungeon (4/15)             Temple (0/1) D:4

Altars:
The Shining One

Shops:
D:3 :

Annotations:
D:4 exclusion: oklob sapling


Innate Abilities, Weirdness & Mutations

You have very sharp teeth.
Your uncanny sense of smell can sniff out nearby items.
Your experience applies equally to all skills.


Message History

Your Ranged Weapons skill increases to level 2!
Your Throwing skill increases to level 2!
Your Armour skill increases to level 2!
Your Shields skill increases to level 2!
Your Unarmed Combat skill increases to level 2!
Your Evocations skill increases to level 2!
Unknown command.
Unknown command.
Unknown command.
Casting: Scorch (safe; 1% risk of failure)
Confirm with . or Enter, or press ? or * to list all spells.
You don't know that spell.
You don't have enough magic to cast this spell.
A nearby plant withers and dies.
Unknown command.
The jelly hits you but does no damage.
Casting: Foxfire (safe; 1% risk of failure)
Press: ? - help, Q - select action, (/) - cycle Dir - look around, f - activate You conjure some foxfire!
The jelly misses you.
Unknown command.
You hit the oklob sapling but do no damage.
You bite the oklob sapling, but do no damage.
The oklob sapling is severely damaged.
The foxfire hits the oklob sapling but does no damage.
The oklob sapling is severely damaged.
The oklob sapling spits acid at you. The splash of acid hits you!!
Ouch! That really hurt!
* * * LOW HITPOINT WARNING * * *
The acid corrodes you! The jelly hits you.
* * * LOW HITPOINT WARNING * * *
The acid corrodes you!
You are splashed with acid!
* * * LOW HITPOINT WARNING * * *
The jelly hits you but does no damage.
You feel better. The jelly misses you. The oklob sapling spits acid at you.
The splash of acid hits you!!
Ouch! That really hurt!
You die...

...... ....##..... ## .
....∆.....##.#. .....
........ ..
.....##.....# .......
....†.#.....# ......
......P.P...###....# ##
....PP†P....#......##..#
.....PP@§.............#
...PP.J.P............
##.....PP.........#
....PPP..!#......##
...P.P..P.#......#
#............#...##
.#................##
..................##
...................##


You could see an oklob sapling (combustible) and a jelly.

Vanquished Creatures
  An ogre (D:3)
  An orc priest (D:3)
  An orc wizard (D:3)
  Robin (D:3)
  4 adders
  A worm (D:2)
  5 dart slugs
  6 orcs
  4 bats
  4 endoplasms
  16 goblins
  9 hobgoblins
  2 quokkas (D:2)
  3 frilled lizards (D:2)
  7 kobolds
  4 rats
69 creatures vanquished.

Vanquished Creatures (collateral kills)
  A foxfire (D:4)
1 creature vanquished.

Vanquished Creatures (others)
  281 foxfires
  12 plants
293 creatures vanquished.

Grand Total: 363 creatures vanquished

Notes
Turn   | Place    | Note
-------+----------+-------------------------------------------
     0 | D:1      | retardedninja the Gnoll Fire Elementalist began the quest
                  | for the Orb.
     0 | D:1      | Reached XP level 1. HP: 13/13 MP: 6/6
   406 | D:1      | Reached XP level 2. HP: 19/19 MP: 4/7
   823 | D:1      | You fall into a shaft and drop 1 floor!
  1255 | D:2      | Reached skill level 5 in Spellcasting
  1255 | D:2      | Reached XP level 3. HP: 25/25 MP: 5/9
  1698 | D:1      | Reached skill level 1 in Invocations
  2069 | D:2      | Reached skill level 1 in Fighting
  2069 | D:2      | Reached skill level 1 in Short Blades
  2069 | D:2      | Reached skill level 1 in Long Blades
  2069 | D:2      | Reached skill level 1 in Axes
  2069 | D:2      | Reached skill level 1 in Maces & Flails
  2069 | D:2      | Reached skill level 1 in Polearms
  2069 | D:2      | Reached skill level 1 in Staves
  2069 | D:2      | Reached skill level 1 in Ranged Weapons
  2069 | D:2      | Reached skill level 1 in Throwing
  2069 | D:2      | Reached skill level 1 in Armour
  2069 | D:2      | Reached skill level 1 in Shields
  2069 | D:2      | Reached skill level 1 in Unarmed Combat
  2069 | D:2      | Reached skill level 1 in Evocations
  2121 | D:2      | Reached XP level 4. HP: 32/32 MP: 7/11
  2440 | D:3      | Found a faded altar of an unknown god.
  2449 | D:3      | Reached skill level 1 in Hexes
  2449 | D:3      | Reached skill level 1 in Summonings
  2449 | D:3      | Reached skill level 1 in Necromancy
  2449 | D:3      | Reached skill level 1 in Translocations
  2449 | D:3      | Reached skill level 1 in Transmutations
  2449 | D:3      | Reached skill level 1 in Ice Magic
  2449 | D:3      | Reached skill level 1 in Air Magic
  2449 | D:3      | Reached skill level 1 in Earth Magic
  2449 | D:3      | Reached skill level 1 in Poison Magic
  2469 | D:3      | Reached XP level 5. HP: 14/37 MP: 5/12
  2472 | D:3      | Got Plato's Guidebook on the Excursion
  2476 | D:3      | Learned a level 2 spell: Scorch
  2584 | D:3      | Found Ufeonna's Book Emporium.
  2584 | D:3      | Noticed a walking crystal tome
  2586 | D:3      | Noticed a walking frostbound tome
  2779 | D:3      | Noticed Robin
  2801 | D:3      | Killed Robin
  3679 | D:3      | Found a glowing golden altar of the Shining One.
  3838 | D:4      | Found a staircase to the Ecumenical Temple.
  3857 | D:4      | Noticed an ogre
  4128 | D:3      | Killed an ogre
  4129 | D:3      | Reached XP level 6. HP: 44/44 MP: 9/14
  4184 | D:4      | Reached skill level 5 in Dodging
  4364 | D:4      | Killed from afar by an oklob sapling

Illustrated notes

Levels and vault maps discovered:
D:1:      shiori_arrival_oz, layout_loops_cross
D:2:      layout_loops_ring
D:3:      layout_loops_corners, general_overflow_altar, serial_shops,
          nicolae_shop_mannequins, shapermc_ecumenical_altar_rom_forum,
          uniq_robin
D:4:      layout_cave_pools, minmay_temple_entry_oklob, serial_shops, shop,
          kennysheep_generic_room_7, uniq_menkaure, uniq_edmund

Skill      XL: |  1  2  3  4  5  6 |
---------------+-------------------+-----
Conjurations   | 2 |  2.6
Spellcasting   | 5 |  5.3
Invocations    | 1 2 |  2.1
Fighting       | 1 2 |  2.0
Short Blades   | 1 2 |  2.0
Long Blades    | 1 2 |  2.0
Axes           | 1 2 |  2.0
Maces & Flails | 1 2 |  2.0
Polearms       | 1 2 |  2.0
Staves         | 1 2 |  2.0
Ranged Weapons | 1 2 |  2.0
Throwing       | 1 2 |  2.0
Armour         | 1 2 |  2.0
Shields        | 1 2 |  2.0
Unarmed Combat | 1 2 |  2.0
Evocations     | 1 2 |  2.0
Hexes          | 1 |  1.5
Summonings     | 1 |  1.5
Necromancy     | 1 |  1.5
Translocations | 1 |  1.5
Transmutations | 1 |  1.5
Ice Magic      | 1 |  1.5
Air Magic      | 1 |  1.5
Earth Magic    | 1 |  1.5
Poison Magic   | 1 |  1.5
Dodging        | 5 |  5.0
Stealth        | |  4.6
Fire Magic     | |  5.6

Action                     |  1- 3 |  4- 6 || total
---------------------------+-------+-------++-------
  Melee: Unarmed           |     3 |     1 ||     4
         Bite              |     1 |     2 ||     3
         Mace              |       |     5 ||     5
   Cast: Foxfire           |   116 |    65 ||   181
         Scorch            |       |    14 ||    14
    Use: Scroll            |       |     9 ||     9
         Potion            |       |     6 ||     6
 Armour: Robe              |    10 |    11 ||    21
  Dodge: Dodged            |    30 |    36 ||    66

Table legend: (Time is in decaauts)
 A = Elapsed time spent in this place.
 B = Non-inter-level travel time spent in this place.
 C = Inter-level travel time spent in this place.
 D = Time resting spent in this place.
 E = Time spent auto-exploring this place.
 F = Levels seen in this place.
 G = Mean time per level.
                   A        B        C        D        E       F      G
               +--------+--------+--------+--------+--------+-----+--------+
         Total |   4346 |   4223 |    123 |    358 |   3217 |   4 | 1086.5 |
       Dungeon |   4346 |   4223 |    123 |    358 |   3217 |   4 | 1086.5 |
               +--------+--------+--------+--------+--------+-----+--------+

Top non-repeatable levels by time:
     D:3: 1493 daAuts
     D:2: 1258 daAuts
     D:1: 1170 daAuts
     D:4: 423 daAuts
